 Dungeon Crawl Stone Soup version 0.27-a0-1202-ge72e49191c (webtiles) character file.

Game seed: 9575626510098738599

25 KristoblXynda the Ducker (level 2, -1/23 HPs)
             Began as a Demonspawn Gladiator on June 4, 2021.
             Killed from afar by Sigmund (7 damage)
             ... with a magic dart
             ... on level 2 of the Dungeon.
             The game lasted 00:01:58 (791 turns).

KristoblXynda the Ducker (Demonspawn Gladiator)      Turns: 791, Time: 00:01:58

Health: -1/23      AC: 10    Str: 14    XL:     2   Next: 82%
Magic:  2/2        EV: 11    Int:  9    God:
Gold:   14         SH:  0    Dex: 14    Spells: 1/1 levels left

rFire    . . .     SeeInvis .   a - +0 long sword
rCold    . . .     Faith    .   (no shield)
rNeg     . . .     Spirit   .   j - +0 ring mail
rPois    .         Reflect  .   c - +0 helmet
rElec    .         Harm     .   (no cloak)
rCorr    .         Rampage  .   (no gloves)
Will     +....                  (no boots)
Stlth    +.........             (no amulet)
HPRegen  0.07/turn              f - +4 ring of protection
MPRegen  0.16/turn              h - ring of willpower

@: no status effects
A: magic regeneration
a: no special abilities


You were on level 2 of the Dungeon.
You visited 1 branch of the dungeon, and saw 2 of its levels.

You collected 14 gold pieces.

Inventory:

Hand Weapons
 a - a +0 long sword (weapon)
Missiles
 d - 2 throwing nets (quivered)
 m - 5 curare-tipped darts
Armour
 c - a +0 helmet (worn)
 j - a +0 ring mail (worn)
Jewellery
 f - a +4 ring of protection (left hand)
 h - a ring of willpower (right hand)
 k - a ring of flight
Scrolls
 b - a scroll of immolation
Potions
 e - a potion of magic {unknown}
 g - a potion of flight {unknown}
 i - a potion of heal wounds {unknown}
 l - 2 potions of invisibility {unknown}


   Skills:
 + Level 2.3 Fighting
 + Level 3.0 Long Blades
 + Level 2.1 Throwing
 + Level 3.0 Dodging


You had one spell level left.
You didn't know any spells.
Your spell library was empty.

Dungeon Overview and Level Annotations

Branches:
Dungeon (1/15)

Altars:

Annotations:
D:2 Sigmund


Innate Abilities, Weirdness & Mutations

You regenerate magic rapidly.


Message History

Sigmund barely misses you.
Sigmund casts a spell at himself.
Sigmund flickers and vanishes!
Deactivating autopickup; reactivate with Ctrl-A.
You see here a rat corpse.
The frilled lizard unfolds its giant frill.
You barely miss the frilled lizard.
The frilled lizard bites you but does no damage.
A bat comes into view.
The bat hits you but does no damage.
You miss the frilled lizard. The bat barely misses you.
You riposte.
You closely miss the bat. The bat closely misses you.
You riposte.
You miss the bat.
The frilled lizard bites you but does no damage.
The bat closely misses you.
You riposte.
You hit the bat.
You kill the bat!
The frilled lizard bites you but does no damage.
Your Long Blades skill increases to level 3!
Found a hand axe.
You miss the frilled lizard.
The frilled lizard bites you but does no damage.
You miss the frilled lizard.
Sigmund casts a spell at himself.
Sigmund flickers and vanishes!
The frilled lizard barely misses you.
You hit the frilled lizard.
You kill the frilled lizard!
Something hits you.
A goblin comes into view. It is wielding a +0 dagger.
The goblin shouts!
A puff of flame appears from out of thin air!
The puff of flame hits you!
* * * LOW HITPOINT WARNING * * *
Found a stone staircase leading down.
A hobgoblin comes into view.
The hobgoblin shouts!
Something tries to affect you, but you resist.
The hobgoblin moves out of view.
A magic dart appears from out of thin air!
The magic dart hits you!
You die...

... #.....###.##
#...
#>###.###..#..#
#... #....(#
##...#### #.##
#...#{###
##.....#####.#
#. #.###
#.###...†...#
#...## ##.#
####....#
###..###..#
##...##.#
##.>##.####..###
.# ##@##..†...##
#....)#####
.......##
####..## ##.#
... .....
.#.....


There were no monsters in sight!

Vanquished Creatures
  4 endoplasms (D:1)
  A goblin (D:1)
  3 hobgoblins (D:1)
  5 jackals (D:1)
  A kobold (D:1)
  A ball python (D:1)
  3 bats
  A frilled lizard (D:2)
  3 rats
22 creatures vanquished.

Notes
Turn   | Place    | Note
-------+----------+-------------------------------------------
     0 | D:1      | KristoblXynda the Demonspawn Gladiator began the quest for
                  | the Orb.
     0 | D:1      | Reached XP level 1. HP: 16/16 MP: 1/1
   112 | D:1      | Gained mutation: You regenerate magic rapidly. [demonic
                  | ancestry]
   112 | D:1      | Reached XP level 2. HP: 12/22 MP: 2/2
   519 | D:1      | Found a faded altar of an unknown god.
   712 | D:1      | You fall into a shaft and drop 1 floor!
   738 | D:2      | Noticed Sigmund
   791 | D:2      | Killed from afar by Sigmund

Illustrated notes

Levels and vault maps discovered:
D:1:      dpeg_arrival_arbitrary_b, layout_loops_cross,
          hellmonk_ecumenical_altar_blasted, chequers_serial_rivers_micro_e,
          serial_park_tiny_pond
D:2:      layout_rooms, uniq_sigmund

Skill      XL: |  1  2 |
---------------+-------+-----
Throwing       | 2 |  2.1
Dodging        | 3 |  3.0
Long Blades    | 3 |  3.0
Fighting       | |  2.3

Action                   || total
-------------------------++-------
Melee: Long sword        ||    58
Throw: Throwing net      ||     1
Armor: Leather armour    ||    21
       Ring mail         ||     9
Dodge: Dodged            ||    53
       Rpst.: Long sword ||    24

Table legend: (Time is in decaauts)
 A = Elapsed time spent in this place.
 B = Non-inter-level travel time spent in this place.
 C = Inter-level travel time spent in this place.
 D = Time resting spent in this place.
 E = Time spent auto-exploring this place.
 F = Levels seen in this place.
 G = Mean time per level.
                   A        B        C        D        E       F      G
               +--------+--------+--------+--------+--------+-----+--------+
         Total |    804 |    804 |      0 |    341 |    253 |   2 |  402.0 |
       Dungeon |    804 |    804 |      0 |    341 |    253 |   2 |  402.0 |
               +--------+--------+--------+--------+--------+-----+--------+

Top non-repeatable levels by time:
     D:1: 723 daAuts
     D:2: 81 daAuts
